 Dungeon Crawl Stone Soup version 0.24.0-125-gc4c63601f3 (webtiles) character file.

Game seed: 13298195880097302996, levelgen mode: deterministic

124 straycat the Shield-Bearer (level 4, 0/32 HPs)
             Began as a Vampire Fighter on Mar 10, 2020.
             Was a Follower of Hepliaklqana.
             Slain by Grinder (2 damage)
             ... on level 3 of the Dungeon.
             The game lasted 00:12:46 (2081 turns).

straycat the Shield-Bearer (Vampire Fighter)        Turns: 2081, Time: 00:12:47

Health: 0/32       AC:  8    Str: 16    XL:     4   Next: 81%
Magic:  4/4        EV: 11    Int: 10    God:    Hepliaklqana [*.....]
Gold:   100        SH:  5    Dex: 13    Spells: 3/3 levels left

rFire    . . .     SeeInvis +   f - +0 rapier
rCold    . . .     Gourm    .   m - +0 buckler
rNeg     . . .     Faith    .   w - +3 ring mail {MR+}
rPois    .         Spirit   .   (no helmet)
rElec    .         Reflect  .   (no cloak)
rCorr    .         Harm     .   (no gloves)
MR       +....                  (no boots)
Stlth    ++........             (no amulet)
HPRegen  0.30/turn              t - ring of stealth
MPRegen  0.09/turn              (no ring)

@: regenerating quickly
A: no food, reduced essence, fangs 3, see invisible, unbreathing
a: Exsanguinate, Recall Ancestor, Ancestor Identity, Renounce Religion


You were on level 3 of the Dungeon.
You worshipped Hepliaklqana.
Hepliaklqana was aware of your devotion.
You were alive.

You visited 1 branch of the dungeon, and saw 3 of its levels.

You collected 100 gold pieces.

Inventory:

Hand Weapons
 f - a +0 rapier (weapon)
 r - a +0 hunting sling
Missiles
 g - 66 stones
 p - 4 javelins (quivered)
Armour
 a - a +0 scale mail
 b - a +0 shield
 m - a +0 buckler (worn)
 w - a +3 ring mail of magic resistance (worn)
Jewellery
 t - a ring of stealth (left hand)
Scrolls
 d - a scroll of teleportation
 j - a scroll of fear
 q - a scroll of fog
Potions
 c - a potion of might
 e - a potion of mutation {unknown}
 h - 2 potions of heal wounds
 i - a potion of curing
 k - a potion of agility {unknown}
 l - 2 potions of brilliance
 o - a potion of flight {unknown}
 u - a potion of invisibility


   Skills:
 + Level 3.6 Fighting
 - Level 2.4 Armour
 * Level 2.0 Dodging
 - Level 4.0 Shields
 - Level 2.1 Unarmed Combat


You had 3 spell levels left.
You didn't know any spells.
Your spell library was empty.

Dungeon Overview and Level Annotations

Branches:
Dungeon (3/15)

Altars:
Hepliaklqana
Wu Jian

Annotations:
D:3 Grinder


Innate Abilities, Weirdness & Mutations

You do not eat.
Your natural rate of healing is unusually fast.
You have razor-sharp teeth.
You have supernaturally acute eyesight. (SInv)
You can survive without breathing.
Your life essence is reduced to manifest your ancestor. (-10% HP)


Message History

Grinder hits you but does no damage.
You hit Grinder.
Grinder is heavily wounded.
Grinder drinks a potion.
Grinder is healed!
You hit Grinder.
Grinder is moderately wounded.
Seras is no longer paralysed.
Grinder blinks!
Grinder gestures at you. You resist with some effort.
Grinder closely misses Seras.
Seras barely misses Grinder.
Grinder blinks!
You barely miss Grinder. You bite Grinder.
Grinder is moderately wounded.
Seras barely misses Grinder.
Grinder hits you.
You writhe in agony.
* * * LOW HITPOINT WARNING * * *
Seras hits Grinder.
Grinder hits you.
* * * LOW HITPOINT WARNING * * *
You writhe in agony.
You die...

#..# # ##.†....
#########.>#######.#
#..†####
.........#.........
+.......
.#######.#......##
#...#### #.#....$.#
#...## #.#......+
+....# #.#......#
##....# #.#...R5.#
#.....# #.#...@..#
#..†..# #.#......#
#.....# #.#......#
#...#.### #.#......#
#.R.<.... #.#.######
#.####### #.#.
#.....# #.#. #####.#
#.# #.# #†# #.#


You could see the friendly Seras the ancestor and Grinder.

Vanquished Creatures
  3 adders
  An ooze (D:2)
  3 worms
  A dart slug (D:3)
  4 leopard geckos
  3 orcs (D:3)
  A ball python (D:2)
  5 bats
  2 giant cockroaches
  3 goblins
  5 hobgoblins
  7 jackals
  5 kobolds
  5 frilled lizards
  4 rats
52 creatures vanquished.

Vanquished Creatures (collateral kills)
  An adder (D:2)
  An ooze (D:2)
  A giant cockroach (D:3)
  A hobgoblin (D:2)
  2 jackals
  A bat (D:2)
  A rat (D:3)
8 creatures vanquished.

Vanquished Creatures (others)
  An ancestor (D:3)
1 creature vanquished.

Grand Total: 61 creatures vanquished

Notes
Turn   | Place    | Note
-------+----------+-------------------------------------------
     0 | D:1      | straycat the Vampire Fighter began the quest for the Orb.
     0 | D:1      | Reached XP level 1. HP: 17/17 MP: 1/1
   178 | D:1      | Reached skill level 1 in Dodging
   434 | D:1      | Reached XP level 2. HP: 23/23 MP: 2/2
   585 | D:1      | Reached skill level 3 in Shields
   785 | D:2      | Found a hazy altar of Hepliaklqana.
   810 | D:2      | Reached XP level 3. HP: 16/29 MP: 3/3
   855 | D:2      | Became a worshipper of Hepliaklqana the Forgotten
  1065 | D:2      | Found an ornate altar of the Wu Jian Council.
  1335 | D:2      | Reached XP level 4. HP: 12/31 MP: 4/4
  1353 | D:2      | HP: 1/31 [poisoned by an adder]
  1359 | D:2      | HP: 1/31 [poisoned by an adder]
  1507 | D:2      | Found a faded altar of an unknown god.
  1842 | D:3      | Reached * piety under Hepliaklqana
  1854 | D:3      | Reached skill level 4 in Shields
  2051 | D:3      | Noticed Grinder
  2081 | D:3      | Slain by Grinder

Levels and vault maps discovered:
D:1:      dpeg_chamrin_arrival_tetris, layout_loops_ring
D:2:      layout_loops_ring, old_standard_altar, nicolae_overflow_crystal_walls,
          chequers_ecumenical_altar_grove
D:3:      layout_basic, makhleb_heckhound_becter, uniq_grinder

Skill      XL: |  1  2  3  4 |
---------------+-------------+-----
Dodging        | 1 2 |  2.0
Fighting       | 3 |  3.6
Shields        | 3 4 |  4.0
Armour         | |  2.4
Unarmed Combat | |  2.1

Action                   |  1- 3 |  4- 6 || total
-------------------------+-------+-------++-------
Melee: Unarmed           |   158 |    79 ||   237
       Bite              |    12 |    17 ||    29
       Rapier            |       |    12 ||    12
Invok: Ancestor Identity |     1 |       ||     1
  Use: Scroll            |       |    10 ||    10
 Stab: Sleeping          |     1 |       ||     1
       Distracted        |     1 |       ||     1
Armor: Scale mail        |    65 |     8 ||    73
       Ring mail         |       |    17 ||    17
Dodge: Dodged            |    83 |    31 ||   114
Block: Shield            |    10 |       ||    10
       Buckler           |    40 |    14 ||    54
